 Dungeon Crawl Stone Soup version 0.23-a0-396-g5214e5f (webtiles) character file.

123 Cryolive the Digger (level 5, -3/30 HPs)
             Began as a Gargoyle Earth Elementalist on Nov 2, 2018.
             Slain by Blork the orc
             ... wielding a +3 vampiric battleaxe
              (7 damage)
             ... on level 4 of the Dungeon.
             The game lasted 00:06:24 (2849 turns).

Cryolive the Digger (Gargoyle Earth Elementalist)   Turns: 2849, Time: 00:06:25

Health: -3/30      AC:  7    Str: 11    XL:     5   Next: 7%
Magic:  20/23      EV: 12    Int: 17    God:
Gold:   194        SH:  0    Dex: 10    Spells: 5/9 levels left

rFire    . . .     SeeInvis .   e - staff of power
rCold    . . .     Gourm    .   (no shield)
rNeg     + . .     Faith    .   c - +0 robe
rPois    ∞         Spirit   .   g - +0 helmet
rElec    +         Reflect  .   (no cloak)
rCorr    .         Harm     .   (no gloves)
MR       .....                  (no boots)
Stlth    ++........             (no amulet)
HPRegen  0.10/turn              (no ring)
MPRegen  0.18/turn              (no ring)

@: very slightly contaminated
A: negative energy resistance 1, electricity resistance, unbreathing,
petrification resistance, rot immunity, AC +4
a: no special abilities


You were on level 4 of the Dungeon.
You were near starving.

You visited 1 branch of the dungeon, and saw 4 of its levels.

You collected 194 gold pieces.

Inventory:

Hand Weapons
 h - a +0 mace
Missiles
 b - 89 stones (quivered)
Armour
 c - a +0 robe (worn)
 g - a +0 helmet (worn)
Magical Staves
 e - an uncursed staff of power (weapon)
 m - an uncursed staff of summoning
Jewellery
 p - an uncursed ring of magical power {unknown}
Scrolls
 i - 2 scrolls of remove curse {unknown}
 j - 6 scrolls of identify {unknown}
 n - a scroll of magic mapping {unknown}
 o - a scroll of teleportation {unknown}
 q - a scroll of noise {unknown}
 s - a scroll of enchant armour {unknown}
Potions
 a - 2 potions of agility {unknown}
 f - a potion of lignification {unknown}
 k - a potion of heal wounds {unknown}
 l - a potion of might {unknown}
 r - 2 potions of brilliance {unknown}
Comestibles
 d - 4 rations


   Skills:
 + Level 1.9 Fighting
 + Level 0.6 Staves
 + Level 1.6 Armour
 + Level 2.2 Dodging
 - Level 2.1 Stealth
 + Level 2.5 Spellcasting
 + Level 1.2 Conjurations
   Level 0.7 Transmutations
 + Level 4.3 Earth Magic


You had 5 spell levels left.
You knew the following spells:

 Your Spells              Type           Power        Failure   Level  Hunger
a - Sandblast             Erth           ###...       3%          1    #......
b - Stone Arrow           Conj/Erth      ##....       17%         3    ###....

Your spell library contained the following spells:

 Spells                   Type           Power        Failure   Level  Hunger
 Passwall                 Tmut/Erth      ##......     10%         2    ##.....
 Petrify                  Tmut/Erth      ##......     54%         4    #####..
 Lee's Rapid Deconstruct  Erth           ###.......   65%         5    ######.


Dungeon Overview and Level Annotations

Branches:
Dungeon (4/15)
 Temple: D:4-7

Altars:
Dithmenos
Fedhas
Kikubaaqudgha
Makhleb
Okawaru
Qazlal
Ru

Annotations:
D:4 Blork the orc


Innate Abilities, Weirdness & Mutations

You are resistant to torment.
Your stone body is resilient. (AC +4)
You are immune to poison.
You resist negative energy. (rN+)
You are resistant to electric shocks. (rElec)
You can survive without breathing.
You are immune to petrification.
You are immune to rotting.


Message History

The puff of flame hits you!
* * * LOW HITPOINT WARNING * * *
You see here a mace.
Blork the orc casts a spell.
Blork the orc seems to speed up.
Blork the orc barely misses you. Blork the orc casts a spell at you.
The puff of frost hits you!
* * * LOW HITPOINT WARNING * * *
Blork the orc screams, "I'm going to kill you!"
Casting: Sandblast (safe; 3% risk of failure)
Confirm with . or Enter, or press ? or * to list all spells.
Aiming: Stone Arrow (safe; 17% risk of failure)
Press: ? - help, Shift-Dir - straight line, f - Blork the orc
Aim: Blork the orc, wielding a +3 vampiric battleaxe and wearing a +0 robe You miscast Stone Arrow.
You are very lightly contaminated with residual magic.
Motes of dust swirl before your eyes. Blork the orc barely misses you.
Blork the orc hits you with a +3 vampiric battleaxe!
You die...

#####.....#
##.#.#.#.#.##
#...........#
##.......#..#
#...........# .
##.......#..#####.#
#...).>.......PP...
##.......#o....PP≈≈
#.........@...%≈≈≈≈
##.#.#.#.#....≈≈≈≈≈
###....%....≈≈≈≈≈≈
####<###..≈≈≈≈≈≈
### #...≈≈≈≈≈
#....≈≈≈≈ #.P.PP≈≈≈
#.....P.≈ #...P...♣


You could see Blork the orc.

Vanquished Creatures
  A gnoll (D:1)
  3 adders
  2 oozes (D:1)
  2 dart slugs (D:1)
  A leopard gecko (D:2)
  3 orcs (D:3)
  8 bats
  2 giant cockroaches
  12 goblins
  7 hobgoblins
  2 jackals (D:1)
  2 quokkas
  A ball python (D:1)
  7 frilled lizards
  7 kobolds
  9 rats
69 creatures vanquished.

Notes
Turn   | Place    | Note
-------+----------+-------------------------------------------
     0 | D:1      | Cryolive the Gargoyle Earth Elementalist began the quest
                  | for the Orb.
     0 | D:1      | Reached XP level 1. HP: 10/10 MP: 3/3
    77 | D:1      | Reached XP level 2. HP: 11/16 MP: 5/5
   545 | D:1      | Reached skill level 1 in Fighting
   545 | D:1      | Reached skill level 1 in Armour
   653 | D:1      | Reached XP level 3. HP: 19/20 MP: 6/6
   682 | D:1      | Reached skill level 4 in Earth Magic
   730 | D:1      | Learned a level 3 spell: Stone Arrow
  1376 | D:1      | Reached XP level 4. HP: 25/25 MP: 7/7
  1737 | D:2      | Found an ancient bone altar of Kikubaaqudgha.
  1741 | D:2      | Found a burning altar of Makhleb.
  1752 | D:2      | Reached skill level 1 in Conjurations
  1825 | D:2      | Found a stormy altar of Qazlal.
  1825 | D:2      | Found a shadowy altar of Dithmenos.
  1826 | D:2      | Found a sacrificial altar of Ru.
  2066 | D:3      | Found a blossoming altar of Fedhas.
  2738 | D:3      | Found an iron altar of Okawaru.
  2814 | D:4      | Noticed Blork the orc
  2822 | D:4      | Reached XP level 5. HP: 15/30 MP: 8/8
  2849 | D:4      | Slain by Blork the orc

Vault maps used:
D:1:      elethiomel_arrival_maze, minivault_11
D:2:      nicolae_overflow_hidden_temple
D:3:      minitemple, kennysheep_crisscross
D:4:      serial_shops, nicolae_shop_crystal, first_ration,
          cheibrodos_sewer_entry_drain, st_stairs_4, guppyfry_early_lair_pool,
          uniq_duvessa, uniq_blork_the_orc, uniq_crazy_yiuf_cottage

Skill      XL: |  1  2  3  4 |
---------------+-------------+-----
Fighting       | 1 |  1.9
Armour         | 1 |  1.6
Earth Magic    | 4 |  4.3
Dodging        | 2 |  2.2
Conjurations   | 1 |  1.2
Staves         | |  0.6
Stealth        | |  2.1
Spellcasting   | |  2.5
Transmutations | |  0.7

Action                   |  1- 3 |  4- 6 || total
-------------------------+-------+-------++-------
Melee: Whip              |   125 |    93 ||   218
       Staff             |       |    40 ||    40
       Mace              |       |    16 ||    16
 Cast: Sandblast         |     7 |     5 ||    12
 Stab: Sleeping          |     2 |     2 ||     4
  Eat: Chunk             |     1 |     4 ||     5
Armor: Robe              |    55 |    65 ||   120
Dodge: Dodged            |   100 |   130 ||   230

Table legend:
 A = Non-vault XP
 B = Vault XP
 C = Vault XP percentage of total XP
 D = Non-vault monster count
 E = Vault monster count
 F = Vault count percentage of total count
                 A         B        C        D         E       F
            +---------+---------+-------+---------+---------+-------
      Total |     162 |      14 |   8.0 |      68 |       1 |   1.4
            +---------+---------+-------+---------+---------+-------
        D:1 |      84 |       0 |   0.0 |      37 |       0 |   0.0
        D:2 |      38 |       0 |   0.0 |      16 |       0 |   0.0
        D:3 |      25 |       0 |   0.0 |      13 |       0 |   0.0
        D:4 |      15 |      14 |  48.3 |       2 |       1 |  33.3
            +---------+---------+-------+---------+---------+-------
